 Dungeon Crawl Stone Soup version 0.21.1-1-g345015f (webtiles) character file.

271 Fang the Chopper (level 6, -5/38 HPs)
             Began as a Gargoyle Berserker on May 17, 2018.
             Was a Priest of Trog.
             Killed from afar by an orc wizard (7 damage)
             ... with a puff of flame
             ... on level 4 of the Dungeon.
             The game lasted 00:03:37 (3736 turns).

Fang the Chopper (Gargoyle Berserker)               Turns: 3736, Time: 00:03:37

Health: -5/38      AC:  6    Str: 22    XL:     6   Next: 23%
Magic:  6/6        EV: 12    Int:  8    God:    Trog [***...]
Gold:   220        SH:  0    Dex:  9    Spells: 5/5 levels left

rFire    . . .     SeeInvis .   a - +0 hand axe
rCold    . . .     Gourm    .   (no shield)
rNeg     + . .     Faith    .   b - +0 animal skin
rPois    ∞         Spirit   .   s - +0 hat
rElec    +         Reflect  .   (no cloak)
rCorr    .         Harm     .   (no gloves)
MR       .....                  (no boots)
Stlth    +.........             (no amulet)
HPRegen  0.12/turn              (no ring)
MPRegen  0.10/turn              (no ring)

@: no status effects
A: negative energy resistance 1, electricity resistance, unbreathing,
petrification resistance, rot immunity, AC +4
a: Berserk, Trog's Hand, Burn Spellbooks, Renounce Religion


You were on level 4 of the Dungeon.
You worshipped Trog.
Trog was most pleased with you.
You were not hungry.

You visited 1 branch of the dungeon, and saw 4 of its levels.

You collected 220 gold pieces.

Inventory:

Hand Weapons
 a - a +0 hand axe (weapon)
Armour
 b - a +0 animal skin (worn)
 s - a +0 hat (worn)
Jewellery
 q - an uncursed amulet of rage {unknown}
Scrolls
 d - 4 scrolls of identify {unknown}
 f - 4 scrolls of fear {unknown}
 g - 2 scrolls of magic mapping {unknown}
 h - a scroll of teleportation {unknown}
 i - 4 scrolls of remove curse {unknown}
 m - 3 scrolls of fog {unknown}
 n - 2 scrolls of enchant armour {unknown}
 r - a scroll of blinking {unknown}
Potions
 e - 5 potions of curing {unknown}
 j - 2 potions of heal wounds {unknown}
 k - a potion of lignification {unknown}
 l - a potion of might {unknown}
 o - a potion of ambrosia {unknown}
 p - 3 potions of mutation {unknown}
 t - a potion of flight {unknown}
Comestibles
 c - 7 rations


   Skills:
 + Level 4.3 Fighting
 + Level 4.8 Axes
 + Level 2.2 Armour
 + Level 2.7 Dodging
 + Level 1.3 Stealth


You had 5 spell levels left.
You didn't know any spells.

Dungeon Overview and Level Annotations

Branches:
Dungeon (4/15)
 Temple: D:4-7

Altars:
Nemelex Xobeh


Innate Abilities, Weirdness & Mutations

You are resistant to torment.
Your stone body is resilient. (AC +4)
You are immune to poison.
You resist negative energy. (rN+)
You are resistant to electric shocks. (rElec)
You can survive without breathing.
You are immune to petrification.
You are immune to rotting.


Message History

The puff of flame hits you!
* * * LOW HITPOINT WARNING * * *
You hit the orc wizard.
The orc wizard is severely wounded.
The orc wizard hits you with a dagger.
* * * LOW HITPOINT WARNING * * *
You hit the orc wizard.
The orc wizard is severely wounded.
The orc wizard hits you but does no damage.
You hit the orc wizard.
The orc wizard is almost dead.
The orc wizard hits you but does no damage.
You bump into the rock wall.
You feel less confused. The orc wizard barely misses you.
You hit the orc wizard.
The orc wizard is almost dead.
The orc wizard casts a spell at you. The puff of flame hits you!
You die...

#. ..#.......# ...
#.#.......### ....
#.#.........
....##.........# ...
...............# ..
...............# ..
...............# .#
........#...#### #.####
........###.@o###.....#
........#####..))..##.##
.#.......# ####........
#.......# #.##.....
#.......# #.# ....
#......<# #.# ..
..#......# #.#
#...#....# #.#
..#...#..# #.#


You could see an orc wizard.

Vanquished Creatures
  A hound (D:4)
  Jessica (D:2)
  An orc wizard (D:3)
  A hound skeleton (D:3)
  8 adders
  An ooze (D:2)
  2 worms
  2 dart slugs
  3 leopard geckos
  7 orcs
  5 bats
  5 giant cockroaches
  7 hobgoblins
  8 jackals
  9 kobolds
  A quokka (D:2)
  5 frilled lizards
  9 goblins
  10 rats
86 creatures vanquished.

Notes
Turn   | Place    | Note
-------+----------+-------------------------------------------
     0 | D:1      | Fang the Gargoyle Berserker began the quest for the Orb.
     0 | D:1      | Reached XP level 1. HP: 14/14 MP: 1/1
   440 | D:1      | Reached XP level 2. HP: 19/19 MP: 2/2
   727 | D:1      | Reached XP level 3. HP: 22/23 MP: 3/3
   799 | D:1      | Reached ** piety under Trog
  1212 | D:2      | Found a sparkling altar of Nemelex Xobeh.
  1248 | D:2      | Reached XP level 4. HP: 19/29 MP: 4/4
  1503 | D:2      | Noticed Jessica
  1508 | D:2      | Killed Jessica
  1859 | D:2      | Reached XP level 5. HP: 28/33 MP: 5/5
  3019 | D:3      | Reached skill level 1 in Stealth
  3192 | D:3      | Reached *** piety under Trog
  3479 | D:3      | Reached XP level 6. HP: 38/38 MP: 6/6
  3732 | D:4      | HP: 1/38 [orc wizard/dagger (1)]
  3736 | D:4      | Killed from afar by an orc wizard

Skill      XL: |  1  2  3  4  5 |
---------------+----------------+-----
Axes           | 3 4 |  4.8
Dodging        | 2 |  2.7
Fighting       | 4 |  4.3
Stealth        | 1 |  1.3
Armour         | |  2.2

Action                   |  1- 3 |  4- 6 || total
-------------------------+-------+-------++-------
Melee: Hand axe          |   106 |   218 ||   324
Invok: Berserk           |     2 |     3 ||     5
 Stab: Sleeping          |     1 |     3 ||     4
  Eat: Chunk             |     3 |    11 ||    14
Armor: Animal skin       |    31 |    93 ||   124
Dodge: Dodged            |    74 |   135 ||   209
